 Dungeon Sprint DCSS version 0.20.1-1-g8b1a95d (webtiles) character file.

5243 potatolord6000 the Messiah (level 10, -2/104 HPs)
             Began as a Hill Orc Monk on Sept 7, 2017.
             Was the Champion of Beogh.
             Killed from afar by an orc sorcerer (20 damage)
             ... with a bolt of negative energy
             ... led by an orc knight
             ... in the Dungeon (Sprint VII: "The Pits").
             The game lasted 00:10:34 (1352 turns).

potatolord6000 the Messiah (Hill Orc Monk)          Turns: 1352, Time: 00:10:35

Health: -2/104     AC: 18    Str: 18    XL:     10   Next: 62%
Magic:  21/21      EV: 10    Int: 10    God:    Beogh [******]
Gold:   0          SH:  0    Dex: 16    Spells: 9/9 levels left

rFire    + . .     SeeInvis .   b - +4 flail (crush)
rCold    + . .     Gourm    .   (no shield)
rNeg     . . .     Faith    .   d - +2 plate armour
rPois    +         Spirit   .   (no helmet)
rElec    +         Reflect  .   t - +0 cloak
rCorr    +         Harm     .   (no gloves)
MR       .....     NoTele   +   (no boots)
Stlth    ..........             (no amulet)
Regen    0.3/turn               p - +3 ring of evasion
MPRegen  0.2/turn               q - +3 ring of dexterity

@: resistant, heavily drained
A: walk on water
a: Smiting, Recall Orcish Followers, Give Item to Named Follower, Resurrection,
Renounce Religion


You were in the Dungeon.
You worshipped Beogh.
Beogh was exalted by your worship.
You were completely stuffed.

You visited 1 branch

Inventory:

Hand Weapons
 b - a +4 flail of crushing (weapon)
 w - a +2 rapier of venom
 x - a +2 war axe of chopping
 y - a +2 halberd of venom
 z - a +4 quarterstaff of protection
 A - a +2 morningstar of crushing
Armour
 d - a +2 plate armour (worn)
 t - a +0 cloak (worn)
 u - a +4 chain mail of fire resistance
Jewellery
 p - a +3 ring of evasion (left hand)
 q - a +3 ring of dexterity (right hand)
Scrolls
 i - a scroll of blinking
 k - 3 scrolls of remove curse
 l - 5 scrolls of amnesia
 m - a scroll of summoning
Potions
 a - 2 potions of invisibility
 e - a potion of heal wounds
 f - 2 potions of haste
 g - 3 potions of magic
 h - 3 potions of berserk rage
 j - a potion of curing
 r - a potion of brilliance
Comestibles
 c - 8 bread rations
 n - 40 fruits
 o - 5 meat rations


   Skills:
 + Level 14.7(13.2) Fighting
 + Level 13.6(12.2) Maces & Flails
 + Level 13.2(11.7) Armour
 - Level 2.4(1.3) Dodging
 - Level 1.5(0.4) Stealth
 + Level 15.2(13.7) Invocations


You had 9 spell levels left.
You didn't know any spells.

Dungeon Overview and Level Annotations

Branches:
Dungeon (1/1)

Altars:
Ashenzari
Cheibriados
Dithmenos
Elyvilon
Fedhas
Gozag
Hepliaklqana
Kikubaaqudgha
Makhleb
Nemelex Xobeh
Okawaru
Qazlal
Ru
Sif Muna
Trog
Uskayaw
Vehumet
Xom
Yredelemnul
Zin
The Shining One
Beogh
Jiyva
Lugonu

Annotations:
D Donald


Message History

Unknown command.
Unknown command.
Unknown command.
You feel protected.
Something hits Morun!!
Something drains Morun's vigour!
The orc sorcerer points at you and mumbles some strange words.
The bolt of negative energy hits Morun.
Morun is drained!
The bolt of negative energy hits you!
You feel drained.
* * * LOW HITPOINT WARNING * * *
The orc knight hits Morun but does no damage.
Unknown command.
Morun cannot move out of your way!
Something hits Morun!
Morun dies!
You bludgeon the orc sorcerer!!
The orc sorcerer is almost dead.
The orc sorcerer gestures at you while chanting.
The bolt of negative energy hits you!
You feel drained.
You die...
Beogh appreciates the orc sorcerer's killing of a heretic priest.

''###### ''#####
########### ......#
#.........# ..†...#
#.†.....# #.(..##
####†..# ## ## ##)'##
###..'.†.+ .##..#
#....###....##+## §...#
......#....##...##{E).#
.....)[.)..')...@oo...+
..††..#†.)†##...##@...#
#..†.###....##+## ....#
##')## ###).†...+
.##..# #.)†.# ####...#
## ## ......# .....#
......# ......# #######
#######


You could see Donald, an orc knight, a fire elemental and an orc sorcerer.

Vanquished Creatures
  A deep troll (D)
  A flayed ghost (D)
  A swamp dragon (D)
  A manticore (D)
  A guardian serpent (D)
  A molten gargoyle (D)
  A jumping spider (D)
  6 blink frogs (D)
  A spriggan (D)
  A tarantella (D)
  Menkaure (D)
  A water moccasin (D)
  A black bear (D)
  An ogre (D)
  2 wolves (D)
  A centaur (D)
  A bullfrog (D)
  3 wights (D)
  A hound (D)
  An iguana (D)
  A gnoll (D)
  An adder (D)
  A white imp (D)
  A worm (D)
  2 leopard geckos (D)
  An orc (D)
  2 ball pythons (D)
  A hobgoblin (D)
  2 frilled lizards (D)
  A rat (D)
41 creatures vanquished.

Vanquished Creatures (collateral kills)
  A molten gargoyle (D)
  An ice devil (D)
  A hellwing (D)
  4 blink frogs (D)
  A wyvern (D)
  A crimson imp (D)
  2 hell rats (D)
  A worm (D)
12 creatures vanquished.

Vanquished Creatures (others)
  An orc knight (D)
  4 orc priests (D)
  An orc warrior (D)
  An orc wizard (D)
  3 orcs (D)
10 creatures vanquished.

Grand Total: 63 creatures vanquished

Notes
Turn   | Place    | Note
-------+----------+-------------------------------------------
     0 | D        | potatolord6000 the Hill Orc Monk began the quest for the Orb.
     0 | D        | Reached XP level 1. HP: 19/19 MP: 1/1
    52 | D        | Found a bloodstained altar of Trog.
    52 | D        | Found a deep blue altar of Sif Muna.
    52 | D        | Found a viscous altar of Jiyva.
    52 | D        | Found a hazy altar of Hepliaklqana.
    52 | D        | Found an opulent altar of Gozag.
    53 | D        | Found a glowing golden altar of the Shining One.
    53 | D        | Found a glowing silver altar of Zin.
    53 | D        | Found a basalt altar of Yredelemnul.
    53 | D        | Found a shimmering altar of Xom.
    53 | D        | Found a sacrificial altar of Ru.
    53 | D        | Found a stormy altar of Qazlal.
    53 | D        | Found an iron altar of Okawaru.
    53 | D        | Found a sparkling altar of Nemelex Xobeh.
    53 | D        | Found a burning altar of Makhleb.
    53 | D        | Found a blossoming altar of Fedhas.
    53 | D        | Found a white marble altar of Elyvilon.
    53 | D        | Found a shadowy altar of Dithmenos.
    53 | D        | Found a snail-covered altar of Cheibriados.
    56 | D        | Found a corrupted altar of Lugonu.
    56 | D        | Found a radiant altar of Vehumet.
    56 | D        | Found a roughly hewn altar of Beogh.
    57 | D        | Found an ancient bone altar of Kikubaaqudgha.
    57 | D        | Found a hide-covered altar of Uskayaw.
    57 | D        | Found a shattered altar of Ashenzari.
    65 | D        | Became a worshipper of Beogh the Brigand
    65 | D        | Reached * piety under Beogh
    65 | D        | Reached ** piety under Beogh
    88 | D        | Reached skill level 1 in Armour
    95 | D        | Reached skill level 1 in Invocations
   225 | D        | Reached skill level 2 in Invocations
   225 | D        | Reached XP level 2. HP: 25/28 MP: 1/3
   226 | D        | Reached *** piety under Beogh
   259 | D        | Reached skill level 5 in Fighting
   259 | D        | Reached skill level 3 in Invocations
   259 | D        | Reached XP level 3. HP: 19/36 MP: 3/5
   485 | D        | Noticed a wolf
   485 | D        | Noticed a black bear
   488 | D        | Killed a black bear
   488 | D        | Reached **** piety under Beogh
   488 | D        | Reached skill level 5 in Invocations
   488 | D        | Reached XP level 4. HP: 45/45 MP: 5/8
   488 | D        | Reached XP level 5. HP: 51/51 MP: 5/9
   494 | D        | Killed a wolf
   494 | D        | Reached skill level 7 in Invocations
   498 | D        | Reached XP level 6. HP: 48/61 MP: 6/11
   502 | D        | Noticed a water moccasin
   512 | D        | Killed a water moccasin
   512 | D        | Reached ***** piety under Beogh
   512 | D        | Reached skill level 8 in Invocations
   810 | D        | Reached skill level 9 in Invocations
   810 | D        | Reached XP level 7. HP: 57/71 MP: 12/14
   890 | D        | Reached skill level 10 in Fighting
   895 | D        | Reached skill level 10 in Invocations
   943 | D        | Noticed a manticore
   945 | D        | Killed a manticore
   945 | D        | Reached skill level 10 in Maces & Flails
   945 | D        | Reached skill level 11 in Invocations
   945 | D        | Reached XP level 8. HP: 82/82 MP: 11/16
  1111 | D        | Noticed a jumping spider
  1114 | D        | Killed a jumping spider
  1114 | D        | Reached skill level 10 in Armour
  1119 | D        | Reached ****** piety under Beogh
  1159 | D        | Noticed a molten gargoyle
  1159 | D        | Noticed a molten gargoyle
  1164 | D        | Killed a molten gargoyle
  1164 | D        | Reached skill level 12 in Invocations
  1164 | D        | Reached XP level 9. HP: 58/90 MP: 13/18
  1167 | D        | HP: 1/90 [molten gargoyle/mace (7)]
  1174 | D        | Killed a molten gargoyle
  1194 | D        | Noticed a deep troll
  1194 | D        | Noticed a guardian serpent
  1197 | D        | Killed a guardian serpent
  1197 | D        | Reached skill level 13 in Invocations
  1207 | D        | Killed a deep troll
  1214 | D        | Reached skill level 14 in Invocations
  1214 | D        | Reached XP level 10. HP: 47/102 MP: 2/20
  1278 | D        | Noticed Menkaure
  1279 | D        | Killed Menkaure
  1281 | D        | Noticed a swamp dragon
  1287 | D        | Killed a swamp dragon
  1287 | D        | Gained Morun as an ally
  1331 | D        | Reached skill level 15 in Invocations
  1338 | D        | Noticed an orc knight
  1338 | D        | Noticed an orc sorcerer
  1338 | D        | Noticed Donald
  1339 | D        | Noticed a flayed ghost
  1345 | D        | Killed a flayed ghost
  1351 | D        | Your ally Morun died
  1352 | D        | Killed from afar by an orc sorcerer

Skill      XL: |  1  2  3  4  5  6  7  8  9 10 |
---------------+-------------------------------+-----
Armour         | 2 4 6 7 9 10 12 13 | 13.2
Fighting       | 4 5 6 8 9 11 12 13 14 | 14.7
Invocations    | 2 3 5 7 9 11 12 14 15 | 15.2
Maces & Flails | 4 6 7 8 10 11 12 13 | 13.6
Dodging        | |  2.4
Stealth        | |  1.5

Action                   |  1- 3 |  4- 6 |  7- 9 | 10-12 || total
-------------------------+-------+-------+-------+-------++-------
Melee: Mace              |    26 |       |       |       ||    26
       Flail             |     2 |    28 |    50 |    45 ||   125
Invok: Smiting           |       |       |    10 |     2 ||    12
       Resurrection      |       |       |     1 |     1 ||     2
       Give Item to Name |       |       |       |     1 ||     1
  Use: Potion            |     1 |       |     7 |    13 ||    21
 Stab: Distracted        |       |       |       |     1 ||     1
  Eat: Meat ration       |       |       |     2 |       ||     2
Armor: Robe              |     5 |       |       |       ||     5
       Plate armour      |     3 |    31 |    27 |    18 ||    79
Dodge: Dodged            |    28 |     8 |    26 |    16 ||    78
